 Dungeon Crawl Stone Soup version 0.21-a0-216-g6d3fd91 (webtiles) character file.

559714 Monastir the Ninja (level 25, -4/141 HPs)
             Began as a Spriggan Enchanter on Aug 22, 2017.
             Was the Champion of Dithmenos.
             Slain by Tahotas the pandemonium lord (10 damage)
             ... while paralysed by a floating eye
             ... on level 2 of a ziggurat on Aug 23, 2017.
             The game lasted 04:35:36 (91635 turns).

Monastir the Ninja (Spriggan Enchanter)            Turns: 91635, Time: 04:35:36

Health: -4/141     AC: 13    Str: 11    XL:     25   Next: 80%
Magic:  44/49      EV:  4    Int: 23    God:    Dithmenos [******]
Gold:   5194       SH:  0    Dex: 18    Spells: 37/67 levels left

rFire    + . .     SeeInvis +   I - +7 quick blade (elec)
rCold    . . .     Gourm    .   h - +3 buckler {AC+3}
rNeg     . . .     Faith    .   R - +2 robe {rF+}
rPois    .         Spirit   .   z - +2 hat {Int+3}
rElec    .         Reflect  .   d - +2 cloak
rCorr    .         Harm     .   (gloves unavailable)
MR       ++++.                  (boots unavailable)
Stlth    ++++++++++             b - amulet of regeneration
HPRegen  0.73/turn              C - +6 ring of slaying
MPRegen  0.31/turn              r - ring of Phasing {EV+8}

@: paralysed, wreathed by umbra, heavily drained, very quick
A: unfitting armour, rugged brown scales 1, camouflage 1, see invisible,
herbivore 3, speed 3, slow metabolism 2
}: 2/15 runes: decaying, gossamer
a: Shadow Step, Shadow Form, Renounce Religion


You were on level 2 of a ziggurat.
You worshipped Dithmenos.
Dithmenos was exalted by your worship.
You were not hungry.

You visited 9 branches of the dungeon, and saw 44 of its levels.
You visited 1 ziggurat, and saw 2 of its levels.
You also visited: Sewer.

You collected 7464 gold pieces.
You spent 2270 gold pieces at shops.

Inventory:

Hand Weapons
 f - a +8 dagger of electrocution
 i - a +1 rapier of electrocution
 o - a +0 dagger of distortion
 I - a +7 quick blade of electrocution (weapon)
Missiles
 Y - a throwing net (quivered)
Armour
 d - a +2 cloak (worn)
 h - a +3 buckler of protection (worn)
 x - a scarf of cloud immunity
 z - a +2 hat of intelligence (worn)
 R - a +2 robe of fire resistance (worn)
Jewellery
 b - an amulet of regeneration (around neck)
 r - the ring of Phasing (right hand) {EV+8}
   (You found it on level 6 of the Dungeon)

   [ring of evasion]

   It affects your evasion (+8).
 y - a +4 ring of evasion
 C - a +6 ring of slaying (left hand)
 E - an uncursed ring of protection from cold
Wands
 g - a wand of enslavement (7/24)
 G - a wand of acid (12/15)
 H - a wand of digging (9/24)
 M - a wand of digging (18/24)
 Z - a wand of paralysis (11/24)
Scrolls
 a - 11 scrolls of identify
 c - 3 scrolls of enchant armour
 j - 9 scrolls of teleportation
 l - 22 scrolls of remove curse
 n - 2 scrolls of magic mapping
 t - 7 scrolls of fog
 u - 7 scrolls of recharging
 w - 2 scrolls of holy word
 A - 2 scrolls of silence
 K - 4 scrolls of fear
 L - a scroll of blinking
 P - a scroll of summoning
Potions
 e - 14 potions of curing
 k - a potion of haste
 m - 7 potions of cancellation
 p - 4 potions of resistance
 q - 7 potions of ambrosia
 s - 3 potions of flight
 B - a potion of might
 D - 3 potions of magic
 F - 2 potions of agility
 J - 7 potions of mutation
 T - 7 potions of lignification
 U - 5 potions of brilliance
Miscellaneous
 X - 2 phantom mirrors
Comestibles
 v - 24 bread rations


   Skills:
 + Level 15.8(13.7) Fighting
 + Level 20.1(17.8) Short Blades
 + Level 24.7(22.2) Dodging
 O Level 27(24.4) Stealth
 - Level 7.6(5.9) Shields
 + Level 21.9(19.5) Spellcasting
 - Level 21.0(18.6) Hexes
 - Level 5.0(3.4) Necromancy


You had 37 spell levels left.
You knew the following spells:

 Your Spells              Type           Power        Failure   Level  Hunger
a - Ensorcelled Hibernat  Hex/Ice        ######       1%          2    None
b - Corona                Hex            #######      0%          1    None
c - Confuse               Hex            #######.     0%          3    None
d - Tukima's Dance        Hex            #######.     0%          3    None
e - Dazzling Spray        Conj/Hex       ######       1%          3    None
f - Dispel Undead         Necr           #####...     16%         5    None
g - Cause Fear            Hex            #######...   0%          4    None
h - Spectral Weapon       Hex/Chrm       ######..     1%          3    None
i - Darkness              Hex            #######...   1%          6    ###....


Dungeon Overview and Level Annotations

Branches:
Dungeon (15/15)            Temple (1/1) D:7            Lair (6/6) D:11
  Swamp (4/4) Lair:3       Spider (4/4) Lair:4        Slime (0/5) Lair:6
    Orc (2/2) D:11            Elf (3/3) Orc:2        Vaults (4/5) D:14
  Crypt (0/3) Vaults:2     Depths (5/5) D:15            Zot (0/5) Depths:5

Altars:
Ashenzari
Cheibriados
Dithmenos
Elyvilon
Fedhas
Gozag
Hepliaklqana
Kikubaaqudgha
Makhleb
Nemelex Xobeh
Okawaru
Qazlal
Ru
Sif Muna
Trog
Uskayaw
Vehumet
Wu Jian
Xom
Yredelemnul
Zin
The Shining One
Jiyva
Lugonu

Shops:
D:4 (   D:5 :   D:10 [   Orc:2 =?!!   Vaults:1 =%}=*   Depths:1 [   Depths:3 }
Depths:4 =}}

Portals:
Hell: Depths:1 Depths:2 Depths:3 Depths:4 Depths:5
Abyss: Depths:3 Depths:4 Depths:5
Pandemonium: Depths:3 Depths:4 Depths:5

Annotations:
Swamp:4 Herrn's ghost, adept FoWn; Lernaean hydra


Innate Abilities, Weirdness & Mutations

You are very small and have problems with some larger weapons.
You are too small for most types of armour.
You have supernaturally acute eyesight. (SInv)
You are a herbivore.
You cover ground extremely quickly.
You need consume almost no food.
You are partially covered in rugged brown scales. (AC +1, +3% HP)
Your skin changes colour to match your surroundings (Stealth+).


Message History

Tahotas is lightly wounded.
Tahotas barely misses you.
You barely miss Tahotas.
Tahotas is lightly wounded.
Your shadow completely misses Tahotas.
Your spectral weapon closely misses Tahotas.
The floating eye gazes piercingly through you!
You suddenly lose the ability to move!
Tahotas gestures at you. You resist with almost no effort.
Tahotas gestures at you.
Helpless, you fail to dodge the bolt of fire.
You resist. Tahotas hits you!!
* * * LOW HITPOINT WARNING * * *
You feel drained. Tahotas hits you!!
* * * LOW HITPOINT WARNING * * *
You emit a cloud of dark smoke.
You feel drained.
You die...

▓▓▓ ▓▓▓.▓▓▓
▓▓§§§..▓▓
▓▓@G§§...▓▓
▓GG&(§.∩..▓
▓▓§∩$G...▓▓
▓▓.....▓▓
▓▓▓.▓▓▓ ▓▓▓


You could see Tahotas, 2 eyes of draining, a floating eye, a golden eye and a
friendly spectral quick blade of electrocution.

Vanquished Creatures
  An ancient lich (Depths:4)
  Mara (Depths:2)
  Mennas (Depths:5)
  7 juggernauts
  Sojobo (Vaults:2)
  Boris (Depths:3)
  Bai Suzhen (Vaults:3)
  Margery (Vaults:3)
  Frederick (Depths:3)
  2 caustic shrikes (Depths:4)
  Xtahua (Vaults:2)
  4 golden dragons
  Nikola (Spider:3)
  Arachne (Spider:3)
  Jorgrun (Vaults:3)
  5 tentacled monstrosities
  4 liches
  A quicksilver dragon (Depths:5)
  6 titans
  3 deep elf master archers (Elf:3)
  5 deep elf blademasters
  The ghost of kroki the Severer, an adept HOFi of Kikubaaqudgha (Spider:1)
  Gastronok (Lair:2)
  The ghost of Monastir the Imperceptible, an adept SpEn of Dithmenos (Vaults:3)
  The ghost of Monastir the Imperceptible, an adept SpEn of Dithmenos (Vaults:4)
  Frances (D:14)
  7 sphinxes
  3 thorn hunters
  An ancient champion (Vaults:2)
  Donald (Swamp:3)
  Kirke (Spider:3)
  2 storm dragons (Depths:2)
  11 tengu reavers
  Roxanne (Spider:3)
  5 iron dragons
  3 ghost moths (Spider:4)
  17 fire giants
  3 shadow dragons
  15 frost giants
  7 deep elf sorcerers
  Aizul (Vaults:3)
  A juggernaut zombie (Depths:4)
  3 emperor scorpions
  9 vault wardens
  5 deep elf elementalists
  10 ironheart preservers
  A draconian annihilator (Depths:5)
  4 spriggan defenders
  6 vampire knights
  20 very ugly things
  7 entropy weavers
  14 stone giants
  4 deep elf demonologists
  Nessos (D:14)
  7 deep elf annihilators
  A lorocyproca (Depths:3)
  An ettin (shapeshifter) (Vaults:1)
  7 ettins
  9 spark wasps
  6 deep elf death magi
  11 fire dragons
  A merfolk impaler (Depths:1)
  2 jiangshi (Depths:5)
  11 great orbs of eyes
  7 deep elf high priests
  16 ogre magi
  17 yaktaur captains
  14 ice dragons
  15 vault guards
  22 hydras
  3 rakshasas
  The ghost of Mulkerokala the Carver, a journeyman FoNe of Wu Jian (D:12)
  A ghost crab (Swamp:4)
  5 spriggan air magi
  53 two-headed ogres
  4 catoblepae (Lair:6)
  8 centaur warriors
  4 tengu warriors
  25 dancing weapons
  A vampire mage (Depths:5)
  A two-headed ogre (shapeshifter) (Depths:5)
  A queen ant (Lair:5)
  13 alligators
  10 deep troll shamans
  10 deep troll earth magi
  A large abomination (Depths:4)
  13 death yaks (Lair:6)
  4 orc high priests
  7 spriggan berserkers
  3 hell hogs (Depths:4)
  Sonja (D:14)
  37 deep elf knights
  34 hell knights
  A titan skeleton (Depths:4)
  2 iron trolls (Depths:3)
  A shadow wraith (Vaults:1)
  11 spriggans
  A salamander mystic (Depths:2)
  3 skeletal warriors (Vaults:1)
  A spriggan druid (Swamp:4)
  A spark wasp zombie (Depths:4)
  24 deep trolls
  10 swamp dragons
  A deep troll (shapeshifter) (D:15)
  3 unseen horrors
  5 wizards
  4 flayed ghosts
  4 glowing orange brains
  15 deep elf archers
  A lindwurm (shapeshifter) (Depths:4)
  4 shambling mangroves
  An orange crystal statue (Depths:1)
  11 ironbrand convokers
  14 orc knights
  83 deep elf magi
  24 orb spiders
  4 oklob plants
  10 harpies
  A mana viper (shapeshifter) (Depths:5)
  3 orc sorcerers
  A salamander (shapeshifter) (Depths:5)
  6 cyclopes
  4 manticores
  11 necromancers
  66 ugly things
  33 wolf spiders
  A fire giant zombie (Depths:2)
  A sphinx skeleton (Depths:2)
  2 fire giant skeletons
  4 salamanders
  3 moths of wrath (Spider:1)
  7 elephants
  2 centaur zombies (D:15)
  A rust devil (Depths:2)
  A stone giant skeleton (Depths:1)
  6 black mambas
  A titan simulacrum (Vaults:3)
  Psyche (D:11)
  31 spiny frogs
  10 vault sentinels
  21 komodo dragons
  3 freezing wraiths
  A red devil (Depths:3)
  7 tengu conjurers
  70 yaktaurs
  18 demonic crawlers
  A redback zombie (D:14)
  A hellwing (Depths:3)
  4 rime drakes
  A tengu simulacrum (Vaults:2)
  A wind drake (shapeshifter) (Elf:2)
  A meliai (Zig:1)
  7 trolls
  7 tyrant leeches
  2 polar bears
  2 queen bees (shapeshifter)
  50 jumping spiders
  24 hornets
  4 dream sheep (Lair:5)
  A slime creature (shapeshifter) (Elf:1)
  28 slime creatures
  12 blink frogs
  6 bog bodies
  A snapping turtle (shapeshifter) (Vaults:1)
  A dream sheep (shapeshifter) (Vaults:1)
  6 hippogriffs
  103 redbacks
  16 water elementals
  2 wyverns
  9 air elementals
  3 shadows
  3 wraiths
  A ynoxinul (Depths:3)
  37 tarantellas
  47 yaks
  A spriggan skeleton (Depths:1)
  2 fire elementals (Elf:1)
  2 hungry ghosts
  12 vampire mosquitoes
  4 basilisks
  A chaos spawn (Depths:3)
  2 human simulacra (Vaults:1)
  5 wargs
  Grum (D:8)
  3 insubstantial wisps (Swamp:2)
  28 soldier ants
  25 swamp worms
  5 acid dragons
  7 hell hounds (Depths:4)
  A floating eye (Depths:5)
  13 water moccasins
  10 porcupines
  11 swamp drakes
  2 black bears
  37 orc warriors
  An ogre skeleton (Vaults:1)
  3 ettin simulacra
  3 ice beasts
  2 sky beasts
  16 boggarts
  28 ogres
  2 necrophages
  2 eyes of draining
  39 centaurs
  15 wolves
  24 crocodiles
  A big kobold (shapeshifter) (Vaults:4)
  A big kobold (D:9)
  20 bullfrogs
  5 earth elementals
  2 yaktaur zombies
  A water moccasin zombie (D:6)
  A wyvern skeleton (D:9)
  6 scorpions
  11 wights
  29 killer bees
  6 electric eels
  7 howler monkeys
  7 crimson imps
  2 bullfrog zombies
  13 hounds
  36 orc priests
  3 bullfrog skeletons
  6 jellies
  A quasit (D:10)
  2 centaur skeletons (D:7)
  36 orc wizards
  3 iguanas
  25 worker ants
  2 killer bee zombies
  3 hound skeletons
  4 gnolls (Orc:1)
  A worker ant zombie (D:8)
  15 adders
  A shadow imp (D:15)
  2 oozes
  An adder zombie (D:6)
  2 adder skeletons (D:5)
  A worm (D:2)
  A dart slug (D:1)
  6 leopard geckos
  83 orcs
  7 giant cockroaches
  11 goblins
  9 hobgoblins
  11 jackals
  3 quokkas
  3 ball pythons
  4 bats
  8 frilled lizards
  17 kobolds
  A quokka zombie (D:7)
  16 rats
  A briar patch (Swamp:4)
2284 creatures vanquished.

Vanquished Creatures (collateral kills)
  A redback (Spider:3)
  An orc warrior (D:9)
  An orc priest (Orc:2)
  An orc (D:3)
4 creatures vanquished.

Vanquished Creatures (others)
  A fire giant (Depths:4)
  A fire dragon (Depths:4)
  2 deep elf knights
  A wolf spider (Spider:3)
  A jumping spider (Spider:3)
  A blink frog (shapeshifter) (Depths:4)
  3 humans (Spider:3)
  A hell hound (Depths:4)
  3 boggarts
  7 briar patches
  8 fungi
  33 plants
  11 spectral weapons
  5 toadstools (D:1)
78 creatures vanquished.

Grand Total: 2366 creatures vanquished

Notes
Turn   | Place    | Note
-------+----------+-------------------------------------------
     0 | D:1      | Monastir the Spriggan Enchanter began the quest for the Orb.
     0 | D:1      | Reached XP level 1. HP: 9/9 MP: 5/5
   570 | D:1      | Reached XP level 2. HP: 11/13 MP: 7/7
   577 | D:1      | Learned a level 2 spell: Ensorcelled Hibernation
  1937 | D:2      | Reached XP level 3. HP: 16/16 MP: 6/9
  1942 | D:2      | Learned a level 3 spell: Confuse
  1954 | D:2      | Learned a level 3 spell: Tukima's Dance
  3170 | D:2      | Found an opulent altar of Gozag.
  3668 | D:3      | Reached XP level 4. HP: 21/21 MP: 11/11
  3684 | D:3      | Found a glowing drain.
  3854 | Sewer    | Entered a sewer
  3906 | Sewer    | Learned a level 3 spell: Dazzling Spray
  3982 | Sewer    | Reached skill level 5 in Hexes
  4270 | Sewer    | Reached skill level 5 in Spellcasting
  4928 | D:3      | Found a snail-covered altar of Cheibriados.
  5399 | D:3      | Reached XP level 5. HP: 24/24 MP: 10/13
  5825 | D:3      | Found a faded altar of an unknown god.
  6424 | D:4      | Reached skill level 5 in Stealth
  6424 | D:4      | Reached XP level 6. HP: 27/28 MP: 8/15
  6552 | D:4      | Reached skill level 6 in Stealth
  6699 | D:4      | Reached skill level 7 in Stealth
  6927 | D:4      | Reached skill level 8 in Stealth
  7007 | D:4      | Reached XP level 7. HP: 32/32 MP: 9/16
  7559 | D:4      | Reached skill level 9 in Stealth
  7689 | D:4      | Found Huomeos's Weapon Shoppe.
  7823 | D:5      | Entered Level 5 of the Dungeon
  7976 | D:5      | Found a shadowy altar of Dithmenos.
  7985 | D:5      | Became a worshipper of Dithmenos the Shadowed
  8292 | D:5      | Found a sacrificial altar of Ru.
  8342 | D:5      | Reached skill level 10 in Stealth
  8509 | D:5      | Found a stormy altar of Qazlal.
  8693 | D:5      | Found Uruosmot's Book Shoppe.
  8875 | D:6      | Got a slimy mace
  8876 | D:6      | Identified the +5 mace "Eqoehez" {drain, rC++ SInv} (You found it on level 6 of the Dungeon)
  8893 | D:6      | Found the ring of Phasing {EV+8}
  8937 | D:6      | Reached skill level 11 in Stealth
  9192 | D:6      | Reached XP level 8. HP: 36/36 MP: 13/17
  9320 | D:6      | Reached skill level 12 in Stealth
  9574 | D:6      | Found a hide-covered altar of Uskayaw.
  9988 | D:7      | Reached skill level 13 in Stealth
  9989 | D:7      | Reached * piety under Dithmenos
 10412 | D:7      | Reached skill level 1 in Fighting
 10579 | D:7      | Found a staircase to the Ecumenical Temple.
 10591 | Temple   | Entered the Ecumenical Temple
 10818 | D:7      | Found a sparkling altar of Nemelex Xobeh.
 10972 | D:7      | Found a radiant altar of Vehumet.
 11523 | D:7      | Reached XP level 9. HP: 41/41 MP: 6/19
 11868 | D:8      | Noticed Grum
 11879 | D:8      | Reached skill level 5 in Dodging
 12336 | D:8      | Killed Grum
 12571 | D:8      | Reached ** piety under Dithmenos
 13287 | D:8      | Noticed a troll
 13290 | D:8      | Killed a troll
 13290 | D:8      | Reached skill level 14 in Stealth
 13510 | D:8      | Identified a scroll of acquirement
 13813 | D:8      | Noticed a two-headed ogre
 13815 | D:8      | Killed a two-headed ogre
 13815 | D:8      | Reached XP level 10. HP: 49/49 MP: 22/22
 14016 | D:8      | Reached skill level 1 in Shields
 14409 | D:9      | Reached skill level 5 in Short Blades
 14569 | D:9      | Found a basalt altar of Yredelemnul.
 14572 | D:9      | Noticed a two-headed ogre
 14580 | D:9      | Killed a two-headed ogre
 14740 | D:9      | Noticed a two-headed ogre
 14745 | D:9      | Reached *** piety under Dithmenos
 14748 | D:9      | Killed a two-headed ogre
 14970 | D:9      | Found an ancient bone altar of Kikubaaqudgha.
 15522 | D:10     | Entered Level 10 of the Dungeon
 15619 | D:10     | Found Neipiani's Armour Boutique.
 15651 | D:10     | Reached XP level 11. HP: 53/53 MP: 24/24
 16167 | D:10     | You fall through a shaft for 3 floors!
 16461 | D:12     | Reached skill level 15 in Stealth
 17526 | D:11     | Reached **** piety under Dithmenos
 18295 | D:11     | Found a staircase to the Orcish Mines.
 18327 | D:11     | Noticed Psyche
 18346 | D:11     | Found a staircase to the Lair.
 18610 | D:11     | Killed Psyche
 19276 | D:11     | Reached ***** piety under Dithmenos
 19442 | D:12     | Noticed an unseen horror
 19449 | D:12     | Killed an unseen horror
 19449 | D:12     | Reached skill level 5 in Fighting
 19449 | D:12     | Reached skill level 10 in Hexes
 19635 | D:12     | Noticed Mulkerokala's ghost (journeyman FoNe)
 19759 | D:12     | Killed Mulkerokala's ghost
 20283 | D:13     | Reached XP level 12. HP: 60/60 MP: 26/26
 21035 | D:13     | Reached skill level 10 in Dodging
 21035 | D:13     | Reached skill level 10 in Spellcasting
 21334 | D:14     | Noticed Nessos
 21338 | D:14     | Killed Nessos
 21515 | D:14     | Noticed a vault guard
 21515 | D:14     | Noticed a vault guard
 21516 | D:14     | Found a gate to the Vaults.
 21516 | D:14     | Noticed a vault guard
 21517 | D:14     | Noticed a vault guard
 21517 | D:14     | Noticed a vault guard
 21518 | D:14     | Noticed a vault guard
 21518 | D:14     | Noticed a vault guard
 21518 | D:14     | Noticed a vault guard
 21519 | D:14     | Killed a vault guard
 21519 | D:14     | Reached skill level 16 in Stealth
 21520 | D:14     | Killed a vault guard
 21570 | D:14     | Killed a vault guard
 21642 | D:14     | Killed a vault guard
 22057 | D:14     | Noticed Sonja
 22105 | D:14     | Killed a vault guard
 22111 | D:14     | Killed a vault guard
 22233 | D:14     | Killed a vault guard
 22422 | D:14     | Noticed Frances
 23190 | Lair:1   | Entered Level 1 of the Lair of Beasts
 23504 | Lair:1   | Reached XP level 13. HP: 65/65 MP: 25/28
 24068 | Lair:2   | Noticed Gastronok
 24125 | Lair:1   | Reached skill level 5 in Shields
 25824 | Lair:3   | Reached skill level 17 in Stealth
 27322 | Lair:3   | Found a staircase to the Swamp.
 27928 | Lair:2   | Killed Gastronok
 28369 | Lair:4   | Learned a level 5 spell: Dispel Undead
 28406 | Lair:4   | Found a hole to the Spider Nest.
 29416 | Lair:5   | Reached XP level 14. HP: 68/72 MP: 14/30
 29739 | Lair:5   | Noticed an entropy weaver
 29744 | Lair:5   | Noticed an entropy weaver
 29745 | Lair:5   | Killed an entropy weaver
 29936 | Lair:5   | Reached skill level 10 in Short Blades
 29963 | Lair:5   | Killed an entropy weaver
 29974 | Lair:5   | Reached ****** piety under Dithmenos
 31095 | Lair:6   | Entered Level 6 of the Lair of Beasts
 31506 | Lair:6   | Found a staircase to the Slime Pits.
 31506 | Lair:6   | Found a viscous altar of Jiyva.
 31533 | Lair:6   | Reached skill level 18 in Stealth
 32823 | Lair:6   | Got an opalescent robe
 32834 | Lair:6   | Identified the +0 robe of Darkness {*Drain +Inv Str-2 Dex+5} (You found it on level 6 of the Lair of Beasts)
 33212 | Lair:6   | Reached XP level 15. HP: 38/77 MP: 23/32
 34930 | Orc:1    | Entered Level 1 of the Orcish Mines
 35057 | Orc:2    | Entered Level 2 of the Orcish Mines
 35059 | Orc:2    | Found a staircase to the Elven Halls.
 35423 | Orc:2    | Found Kugo Sea's Distillery.
 35715 | Orc:1    | Found a burning altar of Makhleb.
 35794 | Orc:2    | Bought a potion of cancellation for 104 gold pieces
 35794 | Orc:2    | Bought a potion of heal wounds for 65 gold pieces
 35794 | Orc:2    | Bought a potion of ambrosia for 104 gold pieces
 35794 | Orc:2    | Bought 2 potions of brilliance for 104 gold pieces
 35845 | Orc:2    | Found Jiuf Dac's Distillery.
 35845 | Orc:2    | Found Datwaph's Distillery.
 35890 | Orc:1    | Upgraded the game from 0.21-a0-213-gae198ad to 0.21-a0-216-g6d3fd91
 37229 | Orc:2    | Found Fedom's Magic Scroll Boutique.
 37265 | Orc:2    | Found Tofippol's Jewellery Shop.
 37925 | Elf:1    | Entered Level 1 of the Elven Halls
 38469 | Orc:2    | Bought 2 potions of heal wounds for 180 gold pieces
 38469 | Orc:2    | Bought a potion of curing for 54 gold pieces
 38469 | Orc:2    | Bought a potion of magic for 144 gold pieces
 38469 | Orc:2    | Bought a potion of curing for 54 gold pieces
 38469 | Orc:2    | Bought a potion of curing for 54 gold pieces
 38469 | Orc:2    | Bought a potion of curing for 54 gold pieces
 38469 | Orc:2    | Bought a potion of heal wounds for 90 gold pieces
 38469 | Orc:2    | Bought a potion of curing for 54 gold pieces
 38469 | Orc:2    | Bought a potion of cancellation for 144 gold pieces
 38471 | Orc:2    | Bought a potion of heal wounds for 65 gold pieces
 38471 | Orc:2    | Bought 2 potions of heal wounds for 130 gold pieces
 38473 | Orc:2    | Bought a scroll of identify for 34 gold pieces
 38473 | Orc:2    | Bought a scroll of identify for 34 gold pieces
 38473 | Orc:2    | Bought a scroll of magic mapping for 59 gold pieces
 38473 | Orc:2    | Bought a scroll of summoning for 161 gold pieces
 38477 | Orc:2    | Bought a potion of mutation for 104 gold pieces
 38477 | Orc:2    | Bought a potion of mutation for 104 gold pieces
 38477 | Orc:2    | Gained mutation: You have an increased reservoir of magic. (+10% MP) [potion of mutation]
 38477 | Orc:2    | Lost mutation: You have an increased reservoir of magic. (+10% MP) [potion of mutation]
 38477 | Orc:2    | Gained mutation: You are partially covered in rugged brown scales. (AC +1, +3% HP) [potion of mutation]
 38477 | Orc:2    | Gained mutation: Your skin changes colour to match your surroundings (Stealth+). [potion of mutation]
 38834 | D:14     | Killed Frances
 38926 | D:15     | Entered Level 15 of the Dungeon
 39248 | D:15     | Reached skill level 19 in Stealth
 39407 | D:15     | Found a staircase to the Depths.
 40121 | Depths:1 | Entered Level 1 of the Depths
 40122 | Depths:1 | Reached skill level 15 in Hexes
 40147 | Depths:1 | Noticed a frost giant
 40278 | Depths:1 | Killed a frost giant
 40453 | Depths:1 | Reached XP level 16. HP: 84/84 MP: 19/34
 40459 | Depths:1 | Found a gateway to Hell.
 40486 | Depths:1 | Found Apranong's Armour Shoppe.
 41537 | D:14     | Killed Sonja
 41856 | Swamp:1  | Entered Level 1 of the Swamp
 42385 | Orc:2    | Bought a scroll of enchant weapon for 127 gold pieces
 42385 | Orc:2    | Bought a scroll of enchant weapon for 127 gold pieces
 42620 | Swamp:1  | Noticed a tentacled monstrosity
 42660 | Swamp:1  | Killed a tentacled monstrosity
 43567 | Swamp:2  | Noticed a thorn hunter
 43624 | Swamp:2  | Killed a thorn hunter
 44005 | Swamp:2  | Reached skill level 15 in Dodging
 44739 | Swamp:3  | Noticed Donald
 44744 | Swamp:3  | Killed Donald
 44833 | Swamp:3  | Reached skill level 1 in Necromancy
 45186 | Swamp:3  | Found a shadowy altar of Dithmenos.
 45316 | Swamp:3  | Noticed a thorn hunter
 45321 | Swamp:3  | Killed a thorn hunter
 45323 | Swamp:3  | Reached XP level 17. HP: 90/90 MP: 30/35
 45610 | Swamp:3  | Reached skill level 20 in Stealth
 45804 | Swamp:4  | Entered Level 4 of the Swamp
 46598 | Swamp:4  | Noticed Herrn's ghost (adept FoWn)
 47566 | Swamp:4  | Noticed the 27-headed Lernaean hydra
 47929 | Swamp:4  | Got a decaying rune of Zot
 48228 | Spider:1 | Entered Level 1 of the Spider Nest
 48495 | Spider:1 | Noticed kroki's ghost (adept HOFi)
 48534 | Spider:1 | Killed kroki's ghost
 50064 | Spider:1 | Reached skill level 10 in Fighting
 50289 | Vaults:1 | Entered Level 1 of the Vaults
 50328 | Vaults:1 | Learned a level 4 spell: Cause Fear
 50339 | Vaults:1 | Found Niutz's Assorted Antiques.
 50571 | Vaults:1 | Reached XP level 18. HP: 95/95 MP: 37/37
 50789 | Vaults:1 | Found Xyufidicia's Jewellery Shoppe.
 50808 | Vaults:1 | Found Umups's Gadget Shoppe.
 51662 | Vaults:1 | Reached skill level 5 in Necromancy
 52602 | Vaults:1 | Found Taix's Food Shop.
 52615 | Vaults:1 | Bought a bread ration for 60 gold pieces
 52615 | Vaults:1 | Bought a bread ration for 60 gold pieces
 52750 | Vaults:1 | Found Rosimn's Jewellery Shoppe.
 53695 | Vaults:2 | Reached skill level 15 in Spellcasting
 53696 | Vaults:2 | Reached skill level 21 in Stealth
 53813 | Vaults:2 | Found a white marble altar of Elyvilon.
 53814 | Vaults:2 | Noticed Xtahua
 53816 | Vaults:2 | Killed Xtahua
 54174 | Vaults:2 | Found a staircase to the Crypt.
 54174 | Vaults:2 | Found an ancient bone altar of Kikubaaqudgha.
 54175 | Vaults:2 | Found a basalt altar of Yredelemnul.
 54235 | Vaults:2 | Noticed Sojobo
 54239 | Vaults:2 | Killed Sojobo
 54244 | Vaults:2 | Reached XP level 19. HP: 101/101 MP: 35/39
 56524 | Vaults:3 | Noticed Bai Suzhen
 56527 | Vaults:3 | Killed Bai Suzhen
 56615 | Vaults:3 | You fall through a shaft!
 57384 | Vaults:4 | Reached skill level 22 in Stealth
 57601 | Vaults:4 | Found a shimmering altar of Xom.
 58552 | Vaults:3 | Reached XP level 20. HP: 108/108 MP: 41/41
 58595 | Vaults:3 | Noticed Margery
 58596 | Vaults:3 | Noticed Monastir's ghost (adept SpEn)
 58681 | Vaults:3 | Killed Monastir's ghost
 58692 | Vaults:3 | Killed Margery
 59173 | Vaults:3 | Noticed Jorgrun
 59175 | Vaults:3 | Killed Jorgrun
 59268 | Vaults:3 | Noticed Aizul
 59290 | Vaults:3 | Killed Aizul
 60704 | Vaults:4 | Noticed Monastir's ghost (adept SpEn)
 61448 | Vaults:4 | Reached skill level 15 in Short Blades
 61513 | Vaults:4 | Killed Monastir's ghost
 63821 | Elf:1    | Reached skill level 23 in Stealth
 63941 | Elf:2    | Reached XP level 21. HP: 113/113 MP: 42/42
 65192 | Elf:2    | Found a huge runed gate.
 65192 | Elf:2    | Found a huge runed gate.
 65204 | Elf:2    | Found a huge runed gate.
 65204 | Elf:2    | Found a huge runed gate.
 65204 | Elf:2    | Found a huge runed gate.
 66997 | Spider:3 | Noticed Kirke
 67283 | Spider:3 | Noticed Roxanne
 67366 | Spider:3 | Killed Roxanne
 67661 | Spider:3 | Killed Kirke
 67839 | Spider:3 | Noticed Arachne
 67866 | Spider:3 | Killed Arachne
 67925 | Spider:3 | Noticed Nikola
 68278 | Spider:3 | Killed Nikola
 68722 | Spider:4 | Entered Level 4 of the Spider Nest
 71236 | Spider:4 | Got a gossamer rune of Zot
 71842 | Elf:2    | Reached skill level 24 in Stealth
 71893 | Elf:2    | Reached XP level 22. HP: 114/120 MP: 44/44
 72551 | Elf:3    | Entered Level 3 of the Elven Halls
 75242 | Elf:3    | Found the +5 pair of quick blades "Gyre" and "Gimble" {pierce, Dex-3}
 75262 | Elf:3    | Identified the Disquisition on Supportive Curses
 75271 | Elf:3    | Learned a level 3 spell: Spectral Weapon
 75278 | Elf:3    | Learned a level 6 spell: Darkness
 75313 | Elf:3    | Identified the Grimoire of Poison and Protection
 76735 | Depths:1 | Found an opulent altar of Gozag.
 77768 | Depths:1 | Reached skill level 25 in Stealth
 78173 | Depths:2 | Reached XP level 23. HP: 126/126 MP: 46/46
 79296 | Depths:2 | Noticed a juggernaut
 79298 | Depths:2 | Killed a juggernaut
 79445 | Depths:2 | Noticed Mara
 79446 | Depths:2 | Killed Mara
 80634 | Depths:2 | Identified the scarf of Mealem {*Contam rC++ MP+9 Str+2} (You found it on level 2 of the Depths)
 81545 | Depths:3 | Found Roeg's Gadget Boutique.
 81552 | Depths:3 | Found a corrupted altar of Lugonu.
 81570 | Depths:3 | Found a one-way gate to the infinite horrors of the Abyss.
 81583 | Depths:3 | Noticed Boris
 81585 | Depths:3 | Killed Boris
 81678 | Depths:3 | Noticed Frederick
 81681 | Depths:3 | Killed Frederick
 82102 | Depths:3 | HP: 4/127 [iron troll (32)]
 82694 | Depths:3 | Noticed a juggernaut
 82738 | Depths:2 | Killed a juggernaut
 83169 | Depths:3 | Reached skill level 26 in Stealth
 83545 | Depths:3 | Noticed a juggernaut
 83546 | Depths:3 | Noticed a juggernaut
 83547 | Depths:3 | Killed a juggernaut
 83549 | Depths:3 | Killed a juggernaut
 83559 | Depths:3 | Noticed a juggernaut
 83561 | Depths:3 | Killed a juggernaut
 83561 | Depths:3 | Reached XP level 24. HP: 132/132 MP: 42/47
 84022 | Depths:3 | Found a one-way gate leading to the halls of Pandemonium.
 85521 | Depths:4 | Found Owomepla's Jewellery Boutique.
 85521 | Depths:4 | Found Anlar's Gadget Shoppe.
 85522 | Depths:4 | Found Ovetuvefa's Gadget Shoppe.
 86173 | Depths:4 | Noticed a juggernaut
 86264 | Depths:4 | Killed a juggernaut
 87216 | Depths:4 | Noticed an ancient lich
 87222 | Depths:4 | Killed an ancient lich
 87417 | Depths:4 | Reached skill level 27 in Stealth
 87822 | Depths:4 | Reached skill level 15 in Fighting
 88103 | Depths:5 | Entered Level 5 of the Depths
 88106 | Depths:5 | Noticed Mennas
 88108 | Depths:5 | Killed Mennas
 88180 | Depths:5 | Reached XP level 25. HP: 96/139 MP: 47/48
 88763 | Depths:5 | Found a gateway to a ziggurat.
 88777 | Depths:5 | Found a bloodstained altar of Trog.
 88778 | Depths:5 | Found a snail-covered altar of Cheibriados.
 88780 | Depths:5 | Found a stormy altar of Qazlal.
 88894 | Depths:5 | Noticed a juggernaut
 88896 | Depths:5 | Killed a juggernaut
 89636 | Depths:5 | Paralysed by a floating eye for 2 turns
 91506 | Depths:5 | Found a gate to the Realm of Zot.
 91602 | Zig:1    | Entered Level 1 of a ziggurat
 91623 | Zig:2    | Entered Level 2 of a ziggurat
 91623 | Zig:2    | Noticed Tahotas the pandemonium lord
 91632 | Zig:2    | Paralysed by a floating eye for 4 turns
 91635 | Zig:2    | HP: 6/141 [Tahotas the pandemonium lord (29)]
 91635 | Zig:2    | Slain by Tahotas the pandemonium lord

Vault maps used:
D:1:      ldierk_walled_garden, bh_walls_and_bars
D:2:      grunt_ministairs_1, grunt_gozag_statues
D:3:      chequers_ecumenical_altar_simple_redux, portal_sewer_entry_a,
          cheibriados_altar_1
D:4:      serial_shops, shop, first_bread, serial_bayou_pond_e
D:5:      nicolae_ru_great_annihilating_truth, old_standard_altar,
          old_standard_altar, serial_shops, nicolae_shop_statue_plus
D:6:      lemuel_coloured_pillars_altar
D:7:      vehumet_crystals, old_standard_altar, minmay_temple_entry_large_hall,
          serial_co_window_serial, co_window_of_opportunity_a,
          co_window_of_opportunity_a, co_window_cross_1, co_window_cross_1,
          co_window_paths_b, co_window_cross_4, co_window_of_opportunity_b,
          co_window_unsneaky_path_d, glass_columns_c, glass_columns_b,
          glass_columns_a, glass_columns_a, glass_columns_c
D:8:      uniq_grum
D:9:      kiku_gazebo_garden_becter, basic_altar
D:10:     serial_shops, shop
D:11:     erik_lair_island, david_orc_3, uniq_psyche
D:14:     erik_vaults_2, uniq_sonja, uniq_nessos, uniq_frances
D:15:     hangedman_depths_entry_try_elsewhere_first, minmay_misc_feat_chi
Temple:   regret_index_temple_generic_petals
Lair:1:   disabler_island
Lair:2:   uniq_gastronok
Lair:3:   nicolae_swamp_entry_splash_gauntlet, beast_lair_carwin_7
Lair:4:   nicolae_spider_entry_non_spiders
Lair:5:   minivault_29
Lair:6:   evilmike_catoblepas_cave, slime_altar_1, st_stairs_11,
          nicolae_lair_yak_garden
Swamp:1:  cheibrodos_swamp_monstrosity, serial_swamp_ruin,
          evilmike_swamp_ruin_house_1, evilmike_swamp_ruin_wall,
          evilmike_swamp_ruin_rubble_2
Swamp:2:  evilmike_swamp_ruin_rubble_1, hangedman_swamp_blocks
Swamp:3:  nicolae_swamp_godswood, swamp_pool1, uniq_donald
Swamp:4:  swamp_old_school
Spider:3: uniq_arachne, uniq_nikola, uniq_roxanne, uniq_kirke
Spider:4: spider_rune_water
Orc:1:    basic_altar
Orc:2:    st_orc_mages, serial_shops, nicolae_shop_waterfront, special_room,
          mines3_lemuel
Elf:1:    eino_elf_arrival_customs, evilmike_minifort
Elf:3:    minmay_elf_hall
Vaults:1: ontoclasm_vaults_decontamination, ontoclasm_vaults_tryst,
          nicolae_vaults_little_squares_3, vaults_standard_mumra_lines,
          nicolae_vaults_sealed_display, v_misc_22, vaults_room_glass_cross,
          serial_shops, shop, shop, nicolae_shop_stone,
          nicolae_shop_behind_doors, nicolae_shop_waterfront
Vaults:2: ontoclasm_vaults_ligature, v_misc_18, vaults_room_door_ring,
          minmay_crypt_entry_necro_gods, vaults_mumra_hexcomb,
          vaults_room_guarded_vault, v_rooms_1, v_misc_27,
          ontoclasm_vaults_hangar, vaults_room_door_hall, v_misc_29,
          vaults_mumra_chevron_long, basic_altar, uniq_xtahua, uniq_sojobo
Vaults:3: vaults_dpeg_hooks, hangedman_vaults_nails, vaults_room_door_ring,
          ontoclasm_vaults_gateway, hangedman_vaults_restitches,
          ontoclasm_vaults_ring_small, grunt_vaults_funnel, uniq_aizul,
          uniq_margery, uniq_jorgrun, uniq_bai_suzhen
Vaults:4: nicolae_vaults_mini_display_case, v_misc_24, ontoclasm_vaults_twist,
          hangedman_vaults_pinch, ontoclasm_vaults_shuriken, vaults_mumra_lcd,
          nicolae_vaults_network_barrier, nicolae_vaults_theta,
          vaults_room_pool, basic_altar
Depths:1: lemuel_round_altar, hell_entry, serial_shops, shop, minivault_15,
          kennysheep_decorative_pillar, spider_trap, evilmike_butchery
Depths:2: kennysheep_large_spiral, grunt_hell_entry_dis_mu,
          minmay_staircase_bubble, hangedman_abyss_or_decor_stagger,
          grunt_ministairs_11, uniq_mara
Depths:3: minmay_the_grid_four_pointed_star, serial_shops, kennysheep_mini,
          nicolae_twisting_strands, abyss_entry_flame_altar,
          rand_demon_pan_entry_9, hell_entry, uniq_boris, uniq_frederick
Depths:4: angbandy_vault, grunt_hell_horde, abyss_entry_crystal, pan_entry,
          serial_bayou_lagoon_b, infiniplex_staircase_zigzag_4,
          minmay_shop_grove
Depths:5: hangedman_slaughterboxes, abyss_entry, pan_entry, hell_entry,
          uniq_mennas
Sewer:    sewer_co_scattered_pipes

Skill      XL: |  1  2  3  4  5  6  7  8  9 10 11 12 13 14 15 16 17 18 19 20 21 22 23 24 25 |
---------------+----------------------------------------------------------------------------+-----
Spellcasting   | 3 4 5 6 7 8 9 10 11 12 13 14 15 16 17 18 19 20 21 | 21.9
Hexes          | 4 5 6 7 8 9 10 11 12 13 15 16 17 18 20 21 | 21.0
Stealth        | 5 8 11 13 14 15 16 17 18 19 20 21 22 23 24 25 26 27 | 27.0
Dodging        | 4 6 8 9 11 12 13 14 15 16 17 18 19 20 21 22 23 24 | 24.7
Fighting       | 1 3 4 5 6 7 8 9 10 11 12 13 14 15 | 15.8
Short Blades   | 2 4 5 7 8 9 10 11 12 13 14 15 16 17 18 19 20 | 20.1
Shields        | 2 3 4 5 6 7 |  7.6
Necromancy     | 1 4 5 |  5.0

Action                   |  1- 3 |  4- 6 |  7- 9 | 10-12 | 13-15 | 16-18 | 19-21 | 22-24 | 25-27 || total
-------------------------+-------+-------+-------+-------+-------+-------+-------+-------+-------++-------
Melee: Dagger            |   144 |   362 |   418 |   490 |  1184 |  1509 |  2392 |  1740 |       ||  8239
       Quick blade       |       |       |       |       |       |       |       |   599 |   593 ||  1192
 Cast: Corona            |     6 |       |       |       |       |       |       |       |       ||     6
       Ensorcelled Hiber |    35 |    39 |    70 |    98 |   201 |    68 |    54 |       |       ||   565
       Dazzling Spray    |       |    10 |    12 |     7 |   110 |    72 |    39 |    66 |     7 ||   323
       Confuse           |       |     5 |    39 |    71 |   100 |   143 |    99 |    74 |    19 ||   550
       Tukima's Dance    |       |     1 |     1 |     4 |     2 |       |       |       |       ||     8
       Spectral Weapon   |       |       |       |       |       |       |       |    24 |    19 ||    43
       Dispel Undead     |       |       |       |       |       |       |       |     5 |       ||     5
Invok: Shadow Step       |       |       |       |     2 |     8 |    12 |     4 |    16 |     4 ||    46
Evoke: Wand              |       |       |       |     1 |       |     1 |    15 |     2 |       ||    19
  Use: Scroll            |     6 |     3 |    10 |     7 |    15 |    16 |    11 |    17 |     2 ||    87
       Potion            |       |     1 |     1 |     3 |     9 |    13 |    16 |    15 |     1 ||    59
 Stab: Sleeping          |    29 |    25 |    58 |   116 |   217 |   151 |   166 |    64 |    22 ||   848
       Invisible         |       |     4 |     2 |     5 |    48 |    18 |    16 |    11 |       ||   104
       Confused          |       |     4 |    16 |    40 |    50 |    85 |    71 |    33 |     8 ||   307
       Paralysed         |       |       |     1 |       |       |       |       |       |       ||     1
       Distracted        |       |       |     1 |     3 |    14 |    12 |    17 |    49 |    14 ||   110
       Petrified         |       |       |       |       |     2 |       |       |       |       ||     2
       Held in net/web   |       |       |       |       |       |       |     1 |       |       ||     1
  Eat: Bread ration      |     1 |       |     1 |       |     1 |       |     1 |     2 |       ||     6
       Royal jelly       |       |     1 |     3 |     2 |     5 |     1 |     5 |     3 |       ||    20
       Fruit             |       |       |       |     4 |     4 |    10 |     5 |     3 |     3 ||    29
Armor: Robe              |    11 |    15 |    15 |       |    17 |    58 |    76 |    71 |    15 ||   278
       Animal skin       |       |       |    10 |    21 |     8 |       |       |       |       ||    39
Dodge: Dodged            |   113 |   150 |   401 |   414 |   773 |   935 |  1542 |  1405 |   212 ||  5945
Block: Buckler           |       |       |       |       |   165 |   490 |   838 |   674 |   100 ||  2267

Table legend:
 A = Spawn XP
 B = Non-spawn XP
 C = Spawn XP percentage of total XP
 D = Spawn monster count
 E = Non-spawn monster count
 F = Spawn count percentage of total count
 G = Total turns spent on level
                    A         B        C        D         E        F      G
               +---------+---------+-------+---------+---------+-------+---------
         Total |  211194 | 1072377 |  16.5 |     441 |    1853 |  19.2 | 91635
               +---------+---------+-------+---------+---------+-------+---------
           D:1 |       4 |      31 |  11.4 |       2 |      16 |  11.1 |  1790
           D:2 |       8 |      52 |  13.3 |       5 |      23 |  17.9 |  2227
           D:3 |      96 |      57 |  62.7 |       4 |      25 |  13.8 |  1310
           D:4 |      17 |     548 |   3.0 |       3 |      22 |  12.0 |  1460
           D:5 |       0 |     227 |   0.0 |       0 |      14 |   0.0 |  1014
           D:6 |     184 |     585 |  23.9 |       4 |      13 |  23.5 |  1107
           D:7 |     396 |     906 |  30.4 |       8 |      22 |  26.7 |  2124
           D:8 |      72 |    3439 |   2.1 |       1 |      40 |   2.4 |  1778
           D:9 |     402 |    3574 |  10.1 |       5 |      21 |  19.2 |  1991
          D:10 |       0 |    1749 |   0.0 |       0 |      20 |   0.0 |  1326
          D:11 |    3336 |    4952 |  40.3 |      26 |      55 |  32.1 |  2282
          D:12 |      43 |    3518 |   1.2 |       1 |      12 |   7.7 |  1110
          D:13 |     688 |    2342 |  22.7 |       2 |      19 |   9.5 |  2014
          D:14 |    3534 |   13518 |  20.7 |       7 |      25 |  21.9 |  2657
          D:15 |    5493 |   14762 |  27.1 |      13 |      43 |  23.2 |  1561
        Lair:1 |     747 |    6067 |  11.0 |       4 |      28 |  12.5 |  1505
        Lair:2 |    1023 |    4462 |  18.7 |       6 |      13 |  31.6 |  1671
        Lair:3 |    1321 |   10213 |  11.5 |       7 |      39 |  15.2 |  2489
        Lair:4 |       0 |    2443 |   0.0 |       0 |      15 |   0.0 |   782
        Lair:5 |    1430 |   13952 |   9.3 |       5 |      64 |   7.2 |  2683
        Lair:6 |    1951 |   30059 |   6.1 |       7 |      65 |   9.7 |  3234
       Swamp:1 |     890 |    8525 |   9.5 |       1 |      13 |   7.1 |   845
       Swamp:2 |    2164 |   15950 |  11.9 |       5 |      33 |  13.2 |  1496
       Swamp:3 |    1151 |   27839 |   4.0 |       5 |      47 |   9.6 |  1968
       Swamp:4 |    4570 |   20258 |  18.4 |       4 |      49 |   7.5 |  1344
      Spider:1 |    5763 |   21746 |  20.9 |      15 |      56 |  21.1 |  1907
      Spider:2 |    7929 |   10354 |  43.4 |      22 |      37 |  37.3 |  1918
      Spider:3 |     672 |   30631 |   2.1 |       2 |      56 |   3.4 |  1172
      Spider:4 |    6095 |   31118 |  16.4 |      17 |      77 |  18.1 |  2621
         Orc:1 |     224 |    3671 |   5.8 |       6 |      36 |  14.3 |  2122
         Orc:2 |     423 |    5129 |   7.6 |       6 |      39 |  13.3 |  1247
         Elf:1 |    1006 |   30686 |   3.2 |       3 |      54 |   5.3 |  1692
         Elf:2 |    4452 |   48164 |   8.5 |       8 |      68 |  10.5 |  2521
         Elf:3 |    3209 |   60882 |   5.0 |       4 |      56 |   6.7 |  3004
      Vaults:1 |   14294 |   38706 |  27.0 |      26 |      77 |  25.2 |  2779
      Vaults:2 |   20905 |   74808 |  21.8 |      33 |      92 |  26.4 |  3326
      Vaults:3 |    7129 |   66948 |   9.6 |      15 |      77 |  16.3 |  3119
      Vaults:4 |   14304 |   36447 |  28.2 |      25 |      56 |  30.9 |  2318
      Depths:1 |   35113 |   32109 |  52.2 |      52 |      49 |  51.5 |  3551
      Depths:2 |   11560 |   71893 |  13.9 |      20 |      52 |  27.8 |  3273
      Depths:3 |   21139 |   76863 |  21.6 |      34 |      52 |  39.5 |  3333
      Depths:4 |   23074 |   96399 |  19.3 |      23 |      69 |  25.0 |  3186
      Depths:5 |    4383 |  145124 |   2.9 |       5 |      95 |   5.0 |  3499
         Zig:1 |       0 |     598 |   0.0 |       0 |       2 |   0.0 |    21
         Sewer |       0 |      73 |   0.0 |       0 |      17 |   0.0 |  1036
               +---------+---------+-------+---------+---------+-------+---------
